 Dungeon Crawl Stone Soup version 0.20.1-1-g8b1a95d (webtiles) character file.

238 Stelteck the Chiller (level 5, 0/38 HPs)
             Began as a Draconian Ice Elementalist on Oct 9, 2017.
             Slain by a river rat (2 damage)
             ... in a sewer.
             The game lasted 00:14:34 (3216 turns).

Stelteck the Chiller (Draconian Ice Elementalist)   Turns: 3216, Time: 00:14:35

Health: 0/38       AC:  6    Str: 11    XL:     5   Next: 78%
Magic:  3/8        EV: 12    Int: 16    God:
Gold:   121        SH:  0    Dex: 11    Spells: 2/8 levels left

rFire    . . .     SeeInvis .   a - +0 hand axe (venom)
rCold    . . .     Gourm    .   (no shield)
rNeg     . . .     Faith    .   (armour unavailable)
rPois    .         Spirit   .   (helmet restricted)
rElec    .         Reflect  .   (no cloak)
rCorr    .         Harm     .   i - +0 pair of gloves
MR       .....                  (no boots)
Stlth    +.........             (no amulet)
Regen    0.2/turn               (no ring)
MPRegen  0.2/turn               (no ring)

@: very slow
A: unfitting armour, cold-blooded, AC +5
a: no special abilities


You were in a sewer.
You were not hungry.

You visited 1 branch of the dungeon, and saw 3 of its levels.
You also visited: Sewer.

You collected 121 gold pieces.

Inventory:

Hand Weapons
 a - a +0 hand axe of venom (weapon)
 b - a +0 hunting sling
 l - a +0 dagger
 p - a +0 hand axe
Missiles
 e - 113 stones (quivered)
 n - 4 sling bullets
Armour
 i - a +0 pair of gloves (worn)
Scrolls
 h - a scroll of identify
 o - a scroll of immolation {unknown}
Potions
 j - a potion of lignification
 k - a potion of might
Books
 c - a book of Frost

   Spells                             Type                      Level
   a - Freeze                         Ice                          1
   b - Throw Frost                    Conjuration/Ice              2
   c - Ozocubu's Armour               Charms/Ice                   3
   d - Throw Icicle                   Conjuration/Ice              4
   e - Summon Ice Beast               Ice/Summoning                4
Comestibles
 d - 2 fruits
 g - 3 bread rations
 m - a royal jelly


   Skills:
 - Level 1.7 Dodging
 - Level 1.7 Stealth
 - Level 2.0 Spellcasting
 - Level 1.0 Conjurations
 + Level 6.6 Ice Magic


You had 2 spell levels left.
You knew the following spells:

 Your Spells              Type           Power        Failure   Level  Hunger
a - Freeze                Ice            ###.         1%          1    #......
b - Throw Frost           Conj/Ice       ##....       7%          2    ###....
c - Ozocubu's Armour      Chrm/Ice       ##......     16%         3    ###....


Dungeon Overview and Level Annotations

Branches:
Dungeon (3/15)

Altars:
Dithmenos


Innate Abilities, Weirdness & Mutations

Your plain brown scales are hard. (AC +5)
You cannot fit into any form of body armour.
You are cold-blooded and may be slowed by cold attacks.


Message History

Casting: Freeze
Confirm with . or Enter, or press ? or * to list all spells.
Aiming: Freeze
Press: ? - help, Shift-Dir - straight line, f - adder
Aim: an adder You freeze the adder.
The adder seems to slow down.
The adder is heavily wounded.
The adder closely misses you. The river rat barely misses you.
The ooze closely misses you.
Casting: Freeze
Confirm with . or Enter, or press ? or * to list all spells.
Aiming: Freeze
Press: ? - help, Shift-Dir - straight line, f/p - adder
Aim: an adder (moderately wounded, slow)
You freeze the adder.
The adder seems to slow down.
The adder is heavily wounded.
The rat bites you but does no damage. The adder bites you.
* * * LOW HITPOINT WARNING * * *
The river rat bites you.
You die...

#≈≈≈#≈≈#
#≈≈≈#≈.#
#≈.≈≈≈≈#
#≈≈≈≈††#
#≈≈≈#≈≈#
#≈≈≈≈≈≈#
#≈≈#≈≈≈#
#≈≈≈#≈≈#
#≈≈≈≈≈≈#
#≈≈≈≈≈≈#
#≈≈≈≈≈≈#
#≈≈≈≈≈≈#
#≈≈≈≈≈≈#
#≈≈≈≈≈≈#
#≈≈≈≈≈≈#
#≈r≈(≈≈#
#≈≈≈≈≈≈#
#@S≈≈≈≈#
##≈≈.≈.#
#Jr≈≈..#
#......#
#r.S...#
#..∩∩..#
##......#
#......#
#.......#
##....##
##........
######
##.......
#####..


You could see an ooze, an adder, 2 river rats, a ball python and a rat.

Vanquished Creatures
  An orc priest (D:2)
  4 river rats (Sewer)
  8 adders
  A worm (D:2)
  2 dart slugs (D:1)
  A leopard gecko (D:1)
  6 orcs
  A ball python (D:3)
  10 giant cockroaches
  3 hobgoblins
  8 jackals
  2 quokkas (D:2)
  9 bats
  6 frilled lizards
  11 goblins
  2 kobolds
  18 rats
93 creatures vanquished.

Notes
Turn   | Place    | Note
-------+----------+-------------------------------------------
     0 | D:1      | Stelteck the Draconian Ice Elementalist began the quest for the Orb.
     0 | D:1      | Reached XP level 1. HP: 14/14 MP: 3/3
   317 | D:1      | Reached XP level 2. HP: 16/20 MP: 3/5
   324 | D:1      | Learned a level 2 spell: Throw Frost
   615 | D:1      | Reached skill level 4 in Ice Magic
   933 | D:1      | Reached XP level 3. HP: 21/26 MP: 6/6
   938 | D:1      | Learned a level 3 spell: Ozocubu's Armour
  1157 | D:2      | Found a shadowy altar of Dithmenos.
  1615 | D:2      | Reached XP level 4. HP: 30/33 MP: 5/7
  1647 | D:2      | Reached skill level 5 in Ice Magic
  2403 | D:2      | Reached XP level 5. HP: 38/38 MP: 8/8
  2735 | D:3      | Reached skill level 6 in Ice Magic
  2857 | D:3      | Found a glowing drain.
  2864 | Sewer    | Entered a sewer
  3216 | Sewer    | Slain by a river rat

Skill      XL: |  1  2  3  4  5 |
---------------+----------------+-----
Ice Magic      | 4 5 6 |  6.6
Dodging        | |  1.7
Stealth        | |  1.7
Spellcasting   | |  2.0
Conjurations   | |  1.0

Action                   |  1- 3 |  4- 6 || total
-------------------------+-------+-------++-------
Melee: Dagger            |   106 |    28 ||   134
       Tailslap          |     7 |     6 ||    13
       Hand axe          |       |    56 ||    56
 Fire: Hunting sling     |       |    73 ||    73
Throw: Stone             |     4 |       ||     4
 Cast: Freeze            |    19 |    28 ||    47
       Throw Frost       |     8 |       ||     8
       Ozocubu's Armour  |     1 |       ||     1
  Use: Scroll            |     1 |     3 ||     4
 Stab: Sleeping          |     1 |     1 ||     2
  Eat: Chunk             |     3 |     6 ||     9
Armor: Skin              |    42 |    39 ||    81
Dodge: Dodged            |    78 |    96 ||   174
